 Dungeon Crawl Stone Soup version 0.30-a0-347-gf58ed5266c (webtiles) character file.

Game seed: 10185450271051080063

392 Lobster4 the Firebug (level 6, -1/50 HPs)
             Began as a Hill Orc Fire Elementalist on Nov 5, 2022.
             Was an Initiate of Gozag.
             Shot with an arrow by a centaur (14 damage)
             ... on level 5 of the Dungeon.
             The game lasted 00:16:49 (5330 turns).

Lobster4 the Firebug (Hill Orc Fire Elementalist)   Turns: 5330, Time: 00:16:50

Health: -1/50      AC:  2    Str: 11    XL:     6   Next: 80%
Magic:  9/9        EV: 12    Int: 17    God:    Gozag
Gold:   359        SH:  0    Dex: 11    Spells: 7/10 levels left

rFire   . . .      SeeInvis .    a - +0 flail
rCold   . . .      Faith    .    (no shield)
rNeg    . . .      Spirit   .    d - +0 robe
rPois   .          Reflect  .    (no helmet)
rElec   .          Harm     .    (no cloak)
rCorr   .          Rampage  .    (no gloves)
Will    .....                    (no boots)
Stlth   ++........               (no amulet)
HPRegen 0.28/turn                (no ring)
MPRegen 0.11/turn                (no ring)

@: no status effects
A: no striking features
a: Renounce Religion, Potion Petition, Call Merchant, Bribe Branch


You were on level 5 of the Dungeon.
You worshipped Gozag.
Gozag was aware of your devotion.
You visited 1 branch of the dungeon, and saw 5 of its levels.

You collected 406 gold pieces.
You paid 47 gold pieces to Gozag.

Inventory:

Hand Weapons
 a - a +0 flail (weapon)
 b - a +0 sling
Missiles
 n - 7 poisoned darts
Armour
 c - a +0 buckler
 d - a +0 robe (worn)
Jewellery
 k - the amulet "Xategae" {Faith rF- rCorr Int+8 Stlth-}
   (You found it on level 2 of the Dungeon)

   [amulet of faith]

   It allows you to gain divine favour quickly.
   Int:       It affects your intelligence (+8).
   rF:        It makes you vulnerable to fire.
   rCorr:     It protects you from acid and corrosion.
   Stlth:     It makes you less stealthy.
Scrolls
 l - a scroll of blinking
 m - a scroll of summoning
 p - a scroll of teleportation
Potions
 f - 2 potions of curing
 g - 2 potions of magic
 j - a potion of heal wounds
 o - a potion of resistance


   Skills:
 + Level 2.8 Fighting
 + Level 2.5 Armour
 - Level 2.0 Dodging
 - Level 2.0 Stealth
 + Level 2.4 Shields
 + Level 2.5 Spellcasting
 + Level 2.6 Conjurations
 + Level 4.4 Fire Magic


You had 7 spell levels left.
You knew the following spells:

 Your Spells              Type           Power      Damage    Failure   Level
a - Foxfire               Conj/Fire      56%        2x1d6     4%          1
b - Scorch                Fire           34%        2d7       4%          2

Your spell library contained the following spells:

 Spells                   Type           Power      Damage    Failure   Level
 Summon Small Mammal      Summ           8%         N/A       19%         1
 Inner Flame              Hex/Fire       9%         N/A       22%         3
 Kindle Blastsparks       Fire/Tloc/Air  14%        2d11      30%         3
 Flame Wave               Conj/Fire      14%        2d6       41%         4
 Call Canine Familiar     Summ           2%         N/A       50%         3
 Portal Projectile        Hex/Tloc       4%         N/A       50%         3
 Summon Guardian Golem    Hex/Summ       2%         N/A       50%         3
 Tukima's Dance           Hex            2%         N/A       50%         3
 Blade Hands              Tmut           1%         N/A       99%         5


Dungeon Overview and Level Annotations

Branches:
Dungeon (5/15)             Temple (0/1) D:4

Altars:
Gozag

Annotations:
D:4 1 runed translucent door, Menkaure; Pikel; eyols's ghost, amateur HOCK


Message History

Magic restored.
You now have 353 gold pieces (gained 6).
You see here a +0 halberd.
Pikel, Merchant of Souls comes into view.
He is wielding a +0 whip of freezing and carrying a wand of charming (8).
Okay, then.
As you read the scroll labelled JAHUSA DINGAYWKUNG, it crumbles to dust.
You feel strangely unstable.
It was a scroll of teleportation.
A lemure comes into view.
Your surroundings suddenly seem different.
You see here a +0 spear.
There is a stone staircase leading up here.
You see here a +0 spear.
You see here a +0 halberd.
There is a stone staircase leading down here.
You climb downwards.
There is a stone staircase leading up here.
Found a scale mail.
Found a stone staircase leading down.
i - 2 scrolls of identify (gained 1)
m - a scroll labelled OHEEVO WIFFUESS
As you read the scroll of identify, it crumbles to dust.
m - a scroll of summoning
As you read the scroll of identify, it crumbles to dust.
l - a scroll of blinking
As you read the scroll labelled KEBLAH PADE, it crumbles to dust.
The air around you briefly surges with heat, but it dissipates.
It was a scroll of immolation.
As you read the scroll labelled ROMESA TUBU, it crumbles to dust.
The scroll dissolves into smoke.
It was a scroll of fog.
You now have 359 gold pieces (gained 6).
A centaur comes into view.
The centaur wields a +0 shortbow.
The centaur shoots an arrow.
The arrow hits you!
The centaur shoots an arrow.
The arrow closely misses you.
The centaur shoots an arrow.
The arrow hits you!
The centaur shoots an arrow.
The arrow hits you!
* * * LOW HITPOINT WARNING * * *
The centaur shoots an arrow.
The arrow hits you!
You die...
Your body crumbles into a pile of gold.

#..[####..###### ##
...............#
#.......#####...##
#......#######....
...#......§#§...# .#
##..###§§§###
#..####§§§§#
####..###§##§§.#
#.c.@...§§§§§§....#
#..##.>.##§#####..##
##.......§.# ..#
#######....# .#
#..#.# . ......#
.#.#.... ..#.#####


You could see a centaur.

Vanquished Creatures
  A gnoll sergeant (D:4)
  A scorpion (D:4)
  An orc priest (D:4)
  An iguana (D:4)
  10 gnolls
  4 adders
  3 worms
  3 dart slugs
  5 orcs
  4 ball pythons (D:2)
  4 endoplasms
  A giant cockroach (D:1)
  3 goblins
  8 hobgoblins
  2 jackals (D:2)
  8 kobolds
  4 quokkas
  2 frilled lizards
  13 rats
78 creatures vanquished.

Vanquished Creatures (others)
  327 foxfires
327 creatures vanquished.

Grand Total: 405 creatures vanquished

Notes
Turn   | Place    | Note
-------+----------+-------------------------------------------
     0 | D:1      | Lobster4 the Hill Orc Fire Elementalist began the quest for
                  | the Orb.
     0 | D:1      | Reached XP level 1. HP: 14/14 MP: 3/3
   375 | D:1      | Reached XP level 2. HP: 10/22 MP: 0/4
  1102 | D:1      | Reached XP level 3. HP: 27/27 MP: 0/5
  1435 | D:2      | Reached skill level 1 in Fighting
  1746 | D:2      | Reached skill level 1 in Armour
  1746 | D:2      | Reached skill level 1 in Shields
  1773 | D:2      | Identified the amulet "Xategae" {Faith rF- rCorr Int+8
                  | Stlth-}
  2321 | D:2      | Learned a level 2 spell: Scorch
  2490 | D:3      | Reached XP level 4. HP: 35/35 MP: 2/6
  3461 | D:3      | Found an opulent altar of Gozag.
  3510 | D:3      | Became a worshipper of Gozag Ym Sagoz the Greedy
  3587 | D:4      | Noticed a lemure
  3629 | D:4      | Reached XP level 5. HP: 40/40 MP: 2/8
  3690 | D:4      | Noticed Menkaure
  4005 | D:4      | Noticed eyols's ghost (amateur HOCK)
  4009 | D:4      | Found a runed translucent door.
  4170 | D:4      | Reached skill level 4 in Fire Magic
  4472 | D:4      | Reached XP level 6. HP: 30/49 MP: 4/9
  4636 | D:4      | Found a staircase to the Ecumenical Temple.
  5277 | D:4      | Noticed Pikel
  5297 | D:5      | Entered Level 5 of the Dungeon
  5330 | D:5      | Shot with an arrow by a centaur

Illustrated notes

Levels and vault maps discovered:
D:1:      minmay_arrival_cross, layout_basic, palyth_stone_intersect,
          minmay_rat_gold_closets
D:2:      layout_loops_cross
D:3:      layout_rooms, grunt_gozag_statues
D:4:      layout_loops_ring, minmay_temple_entry_offerings,
          hellmonk_ghost_happy_afterlife, lightli_minifort, uniq_menkaure,
          uniq_pikel
D:5:      layout_rooms, minmay_crystal_room

Skill      XL: |  1  2  3  4  5  6 |
---------------+-------------------+-----
Fighting       | 1 2 |  2.8
Armour         | 1 2 |  2.5
Shields        | 1 2 |  2.4
Stealth        | 2 |  2.0
Dodging        | 2 |  2.0
Spellcasting   | 2 |  2.5
Conjurations   | 2 |  2.6
Fire Magic     | 4 |  4.4

Action                   |  1- 3 |  4- 6 || total
-------------------------+-------+-------++-------
Melee: Flail             |    31 |    22 ||    53
 Cast: Foxfire           |    82 |   119 ||   201
       Scorch            |       |    15 ||    15
  Use: Scroll            |     2 |    10 ||    12
       Potion            |       |     5 ||     5
 Stab: Sleeping          |     2 |       ||     2
Armor: Robe              |     3 |     4 ||     7
       Skin              |       |    29 ||    29
Dodge: Dodged            |    20 |    30 ||    50

Table legend: (Time is in decaauts)
 A = Elapsed time spent in this place.
 B = Non-inter-level travel time spent in this place.
 C = Inter-level travel time spent in this place.
 D = Time resting spent in this place.
 E = Time spent auto-exploring this place.
 F = Levels seen in this place.
 G = Mean time per level.
                   A        B        C        D        E       F      G
               +--------+--------+--------+--------+--------+-----+--------+
         Total |   5335 |   5055 |    280 |   1799 |   2045 |   5 | 1067.0 |
       Dungeon |   5335 |   5055 |    280 |   1799 |   2045 |   5 | 1067.0 |
               +--------+--------+--------+--------+--------+-----+--------+

Top non-repeatable levels by time:
     D:4: 1569 daAuts
     D:1: 1382 daAuts
     D:3: 1311 daAuts
     D:2: 1039 daAuts
     D:5: 32 daAuts
